 Dungeon Crawl Stone Soup version 0.29-a0-322-g68df515428 (webtiles) character file.

Game seed: 16837718074887882091

92 jisko22 the Firebug (level 4, -3/35 HPs)
             Began as a Hill Orc Fire Elementalist on Apr 5, 2022.
             Slain by a gnoll
             ... wielding a +0 flail
              (4 damage)
             ... on level 3 of the Dungeon.
             The game lasted 00:10:27 (4921 turns).

jisko22 the Firebug (Hill Orc Fire Elementalist)    Turns: 4921, Time: 00:10:27

Health: -3/35      AC:  2    Str: 10    XL:     4   Next: 60%
Magic:  3/6        EV: 12    Int: 17    God:
Gold:   177        SH:  0    Dex: 11    Spells: 2/6 levels left

rFire   . . .      SeeInvis .   a - +0 club
rCold   . . .      Faith    .   (no shield)
rNeg    . . .      Spirit   .   e - +0 robe
rPois   .          Reflect  .   (no helmet)
rElec   .          Harm     .   (no cloak)
rCorr   .          Rampage  .   (no gloves)
Will    .....                   (no boots)
Stlth   ++........              (no amulet)
HPRegen 0.11/turn               (no ring)
MPRegen 0.10/turn               (no ring)

@: hasted, very quick
A: no striking features
a: no special abilities


You were on level 3 of the Dungeon.
You visited 1 branch of the dungeon, and saw 4 of its levels.

You collected 177 gold pieces.

Inventory:

Hand Weapons
 a - a +0 club (weapon)
 b - a +1 vorpal hunting sling
 h - a +0 hunting sling
Armour
 e - a +0 robe (worn)
Scrolls
 c - a scroll of immolation {unknown}
 g - 2 scrolls of enchant weapon {unknown}
 k - 4 scrolls of identify
 n - 2 scrolls of vulnerability {unknown}
Potions
 d - a potion of magic
 f - a potion of might
 j - a potion of cancellation
 m - a potion of attraction {unknown}
 o - a potion of lignification {unknown}


   Skills:
 - Level 1.0 Fighting
 - Level 3.0 Slings
 - Level 1.5 Dodging
 - Level 1.5 Stealth
 + Level 1.6 Spellcasting
 + Level 1.0 Conjurations
 * Level 3.9 Fire Magic


You had 2 spell levels left.
You knew the following spells:

 Your Spells              Type           Power      Damage    Failure   Level
a - Foxfire               Conj/Fire      36%        2x1d5     8%          1
b - Conjure Flame         Conj/Fire      9%         6-21      22%         3

Your spell library contained the following spells:

 Spells                   Type           Power      Damage    Failure   Level
 Scorch                   Fire           28%        2d6       6%          2
 Animate Skeleton         Necr           2%         N/A       21%         1
 Pain                     Necr           4%         1d4       21%         1
 Inner Flame              Hex/Fire       8%         N/A       26%         3
 Gell's Gravitas          Tloc           1%         N/A       52%         3
 Teleport Other           Tloc           1%         N/A       52%         3
 Vampiric Draining        Necr           1%         2d6       52%         3
 Flame Wave               Conj/Fire      9%         2d5       58%         4
 Dispersal                Tloc           0%         N/A       100%        6


Dungeon Overview and Level Annotations

Branches:
Dungeon (4/15)
 Temple: D:4-7

Altars:
Kikubaaqudgha
Xom

Annotations:
D:3 1 runed translucent door, Crazy Yiuf


Message History

The gnoll is moderately wounded.
Your foxfire dissipates!
The gnoll attacks as you move away! The gnoll barely misses you.
The gnoll attacks as you move away! The gnoll closely misses you.
Casting: Foxfire (safe; 8% risk of failure)
Confirm with . or Enter, or press ? or * to list all spells.
You miscast Foxfire.
You are very lightly contaminated with residual magic.
Nothing appears to happen.
The gnoll hits you with a +0 flail!
Casting: Foxfire (safe; 8% risk of failure)
Confirm with . or Enter, or press ? or * to list all spells.
You conjure some foxfire!
The gnoll hits you with a +0 flail!
* * * LOW HITPOINT WARNING * * *
You feel better.
The foxfire hits the gnoll.
The gnoll is moderately wounded.
The gnoll hits you with a +0 flail.
* * * LOW HITPOINT WARNING * * *
Casting: Foxfire (safe; 8% risk of failure)
Confirm with . or Enter, or press ? or * to list all spells.
You conjure some foxfire!
The gnoll closely misses you.
You feel better.
The foxfire hits the gnoll.
The gnoll is severely wounded.
The gnoll misses you.
You feel yourself speed up. The gnoll closely misses you.
You hit the gnoll.
The gnoll is severely wounded.
The gnoll hits you with a +0 flail.
* * * LOW HITPOINT WARNING * * *
You closely miss the gnoll.
The gnoll is severely wounded.
The gnoll hits you with a +0 flail!
* * * LOW HITPOINT WARNING * * *
Your magical contamination has completely faded away.
You hit the gnoll.
The gnoll is almost dead.
The gnoll barely misses you.
You hit the gnoll.
The gnoll is almost dead.
The gnoll hits you with a +0 flail.
You die...

#..# #+# #.#
#..### ... #.#
#....# #...# #.#
##.### #)..# #.#
#.# #####
#######.# #.#
#>......# #.#
########.#######
#.# ##......#g#
#.# #........@#
#.# ##......###
##.# ##...#.#
...# ##.##.#
##### #.##.#
....# #.##.#
###.# #.##.#
###.#######.##.#
#..............#


You could see a gnoll.

Vanquished Creatures
  Natasha (D:3)
  2 adders
  2 dart slugs (D:1)
  A bat (D:2)
  3 endoplasms (D:2)
  2 giant cockroaches (D:1)
  6 goblins
  7 hobgoblins
  4 kobolds
  2 quokkas (D:1)
  2 ball pythons
  6 frilled lizards
  5 rats
43 creatures vanquished.

Vanquished Creatures (others)
  88 foxfires
88 creatures vanquished.

Grand Total: 131 creatures vanquished

Notes
Turn   | Place    | Note
-------+----------+-------------------------------------------
     0 | D:1      | jisko22 the Hill Orc Fire Elementalist began the quest for
                  | the Orb.
     0 | D:1      | Reached XP level 1. HP: 14/14 MP: 3/3
   436 | D:1      | Reached XP level 2. HP: 20/20 MP: 4/4
  1003 | D:1      | Found a faded altar of an unknown god.
  1020 | D:1      | Reached skill level 1 in Slings
  1466 | D:2      | Reached XP level 3. HP: 24/26 MP: 1/5
  1548 | D:2      | Learned a level 3 spell: Conjure Flame
  3499 | D:3      | Reached XP level 4. HP: 34/34 MP: 1/6
  3501 | D:3      | Noticed Natasha
  3513 | D:3      | HP: 1/34 [Natasha/magic dart (7)]
  3515 | D:3      | Killed Natasha
  4053 | D:3      | Reached skill level 1 in Fighting
  4253 | D:3      | Found a runed translucent door.
  4254 | D:3      | Noticed Crazy Yiuf
  4656 | D:4      | Found a shimmering altar of Xom.
  4669 | D:4      | Noticed a gnoll sergeant
  4686 | D:4      | Found an ancient bone altar of Kikubaaqudgha.
  4919 | D:3      | HP: 1/35 [gnoll/+0 flail (9)]
  4921 | D:3      | Slain by a gnoll

Illustrated notes

Levels and vault maps discovered:
D:1:      minmay_arrival_checkered_box, layout_basic, serial_forest,
          infiniplex_forest_3_way, infiniplex_forest_lined_room_3,
          infiniplex_forest_3_way, infiniplex_forest_lined_ring,
          infiniplex_forest_clump_curved, infiniplex_forest_lined_room_3,
          infiniplex_forest_lined_2, infiniplex_forest_straight_4,
          infiniplex_forest_straight_2, nicolae_ecumenical_lake_church
D:2:      layout_basic, roderic_serpentine_path
D:3:      layout_loops_ring, uniq_natasha, uniq_crazy_yiuf_cottage
D:4:      layout_layer_cave, mainiacjoe_overflow_catwalk_spiral, serial_shops,
          shop_statue, shop, nicolae_shop_hallway_stairs, wad_orctagon,
          uniq_grinder, uniq_menkaure

Skill      XL: |  1  2  3  4 |
---------------+-------------+-----
Slings         | 1 2 3 |  3.0
Fighting       | 1 |  1.0
Dodging        | |  1.5
Stealth        | |  1.5
Spellcasting   | |  1.6
Conjurations   | |  1.0
Fire Magic     | |  3.9

Action                   |  1- 3 |  4- 6 || total
-------------------------+-------+-------++-------
Melee: Unarmed           |     5 |       ||     5
       Club              |    37 |    12 ||    49
 Fire: Hunting sling     |    61 |     3 ||    64
 Cast: Foxfire           |    49 |    11 ||    60
  Use: Potion            |       |     4 ||     4
       Scroll            |       |     3 ||     3
Armor: Robe              |    10 |       ||    10
Dodge: Dodged            |    43 |    16 ||    59

Table legend: (Time is in decaauts)
 A = Elapsed time spent in this place.
 B = Non-inter-level travel time spent in this place.
 C = Inter-level travel time spent in this place.
 D = Time resting spent in this place.
 E = Time spent auto-exploring this place.
 F = Levels seen in this place.
 G = Mean time per level.
                   A        B        C        D        E       F      G
               +--------+--------+--------+--------+--------+-----+--------+
         Total |   4963 |   4732 |    231 |   1975 |   2239 |   4 | 1240.8 |
       Dungeon |   4963 |   4732 |    231 |   1975 |   2239 |   4 | 1240.8 |
               +--------+--------+--------+--------+--------+-----+--------+

Top non-repeatable levels by time:
     D:3: 1760 daAuts
     D:2: 1642 daAuts
     D:1: 1404 daAuts
     D:4: 155 daAuts
